 Dungeon Crawl Stone Soup version 0.31-a0-700-gf13585253f (webtiles) character file.

Game seed: 6745931406020278799

6233 Iich the Ruffian (level 10, 0/98 HPs)
             Began as a Troll Shapeshifter on Sept 7, 2023.
             Was an Initiate of Gozag.
             Killed from afar by a rakshasa (illusionary) (29 damage)
             ... with a lance of force
             ... on level 10 of the Dungeon on Sept 8, 2023.
             The game lasted 00:14:35 (7908 turns).

Iich the Ruffian (Troll Shapeshifter)               Turns: 7908, Time: 00:14:36

Health: 0/98       AC:  5    Str: 34    XL:     10   Next: 62%
Magic:  9/9        EV: 11    Int:  6    God:    Gozag
Gold:   207        SH:  0    Dex:  9    Spells: 9/9 levels left

rFire   + .          .
                       - Unarmed
rCold   + . .        (no shield)
rNeg    . . .        L - +1 robe {rC+}
rPois   .            (helmet currently unavailable)
rElec   .            (cloak currently unavailable)
rCorr   .            (gloves unavailable)
SInv    .            (boots unavailable)
Will    .....        (no amulet)
Stlth   +            F - ring of protection from fire
HPRegen 1.16/turn    G - +6 ring of strength
MPRegen 0.11/turn

%: no passive effects
@: beast-form, weakened, gold aura, on berserk cooldown, hasted and slowed
A: beast (slay +4), large, unfitting armour, claws 3, regeneration 1, shaggy fur
1, tough skin 1
a: Begin Untransformation, Renounce Religion, Potion Petition, Call Merchant,
Bribe Branch


You were on level 10 of the Dungeon.
You worshipped Gozag.
Gozag was aware of your devotion.
You were a hulking beast.
You visited 2 branches of the dungeon, and saw 11 of its levels.

You collected 1193 gold pieces.
You spent 315 gold pieces at shops.
You paid 671 gold pieces to Gozag.

Inventory:

Hand Weapons
 p - a +3 whip of venom
Missiles
 j - 3 throwing nets
Armour
 a - a +1 animal skin
 y - a +0 cloak
 L - a +1 robe of cold resistance (worn)
Jewellery
 m - an amulet of magic regeneration
 w - a ring of protection from fire
 F - a ring of protection from fire (left claw)
 G - a +6 ring of strength (right claw)
 J - a ring of ice
 K - a ring of magical power
 N - a ring of positive energy
Talismans
 c - a beast talisman (active)
 d - a flux talisman
Wands
 s - a wand of iceblast (3)
 t - a wand of mindburst (6)
 v - a wand of quicksilver (10)
 x - a wand of polymorph (2)
 D - a wand of digging (5)
 E - a wand of flame (30)
Scrolls
 e - 2 scrolls of enchant armour
 g - a scroll of fear
 i - a scroll of immolation {unknown}
 k - 3 scrolls of enchant weapon
 n - a scroll of vulnerability
 o - a scroll of revelation
 u - 2 scrolls of poison
 B - a scroll of blinking
 H - a scroll of fog
Potions
 b - a potion of lignification
 f - 4 potions of cancellation
 h - a potion of haste
 q - a potion of curing
 r - a potion of attraction
 z - 2 potions of brilliance
 A - 2 potions of magic
 C - a potion of ambrosia
 I - a potion of enlightenment


   Skills:
 + Level 6.0 Fighting
 + Level 5.9 Armour
 + Level 6.2 Dodging
 + Level 7.9 Unarmed Combat
 + Level 7.3 Shapeshifting


You had 9 spell levels left.
You didn't know any spells.
Your spell library contained the following spells:

 Spells                   Type           Power      Damage    Failure   Level
 Freeze                   Ice            0%         1d3       45%         1
 Magic Dart               Conj           0%         1d3       45%         1
 Necrotise                Necr           0%         1d4       45%         1
 Summon Small Mammal      Summ           0%         N/A       45%         1
 Searing Ray              Conj           0%         2d4       58%         2
 Sublimation of Blood     Necr           0%         N/A       58%         2
 Wereblood                Tmut           0%         N/A       58%         2
 Dazzling Flash           Conj/Hex       0%         N/A       83%         3
 Frozen Ramparts          Ice            0%         1d1       83%         3
 Gell's Gravitas          Tloc           0%         N/A       83%         3
 Hailstorm                Conj/Ice       0%         3d3       83%         3
 Teleport Other           Tloc           0%         N/A       83%         3
 Vampiric Draining        Necr           0%         2d6       83%         3
 Fulminant Prism          Conj/Hex       0%         3d5       99%         4
 Agony                    Necr           0%         N/A       100%        5
 Silence                  Hex/Air        0%         N/A       100%        5
 Dispersal                Tloc           0%         N/A       100%        6
 Summon Hydra             Summ           0%         N/A       100%        7


Dungeon Overview and Level Annotations

Branches:
Dungeon (10/15)            Temple (1/1) D:6            Lair (0/5) D:8
    Orc: D:9-12

Altars:
Cheibriados
Dithmenos
Elyvilon
Gozag
Kikubaaqudgha
Nemelex Xobeh
Okawaru
Qazlal
Ru
Sif Muna
Trog
Uskayaw
Vehumet
Wu Jian
Xom
Yredelemnul
Zin
The Shining One

Shops:
D:7 *


Innate Abilities, Weirdness & Mutations

You are a hulking beast.
Your limbs bulge with bestial killing power. (Slay +4)
You are too large for most types of armour.
You have claws for hands.
Your natural rate of healing is unusually fast.
You are covered in fur. (AC +1)
You have tough skin. (AC +1)


Message History

You feel a strong urge to attack something.
The rakshasa gestures at you. The lance of force hits you!!
* * * LOW HITPOINT WARNING * * *
You are knocked back by the lance of force.
You slam into the stone wall!
* * * LOW HITPOINT WARNING * * *
You take 28 damage, and have 34/147 hp.
You feel your anger nearly subside.
You are no longer berserk.
You are exhausted.
You feel yourself slow down.
You now have 24/98 hp.
You mangle the rakshasa!!
The rakshasa is moderately wounded.
The rakshasa completely misses you.
You scratch the rakshasa but do no damage.
The rakshasa is moderately wounded.
The rakshasa closely misses you.
A gnoll comes into view. It is wielding a +0 club.
You claw the rakshasa!
The rakshasa is heavily wounded.
The rakshasa blinks!
A gnoll bouda comes into view. It is wielding a +0 whip.
You closely miss the rakshasa.
The rakshasa is heavily wounded.
The rakshasa is distracted by your dazzling golden aura.
The gnoll bouda barks out a call to the hunt!
The gnoll picks up the pace!
You claw the rakshasa!
The rakshasa is no longer distracted by gold.
You claw the rakshasa!
The rakshasa is severely wounded.
The injured rakshasa weaves a defensive illusion!
The gnoll is distracted by your dazzling golden aura.
The gnoll bouda gazes fiercely through you!
You feel your attacks grow feeble. The rakshasa gestures at you.
The lance of force hits you!!
You die...
Your body crumbles into a pile of gold.

#.....# #<#.#.#
#.#.#.# ##...#.#
##...##.# #
#.....#.##########
..
#.......g$$#.....#
...
#..###'###RR.....#
..# ..#
##Rhg...#..#
##.......#
####'#### #....)#
#.###)## +#...#$#
#.###.#.#
#.....#.#
###D####.


You could see 3 rakshasas, a gnoll bouda and a gnoll (swift, unaware).

Vanquished Creatures
  A hydra (D:10)
  An ugly thing (D:10)
  An elephant (D:8)
  Psyche (D:9)
  Sigmund (D:3)
  2 wyverns
  A shadow (D:6)
  5 yaks (D:9)
  A basilisk (D:8)
  A water moccasin (D:9)
  2 orc warriors
  2 black bears
  3 sky beasts
  2 centaurs
  3 bullfrogs
  3 kobold brigands
  A gnoll sergeant (D:10)
  8 wights (D:7)
  4 killer bees (D:9)
  An electric eel (D:8)
  2 howler monkeys (D:9)
  4 hounds
  3 jellies
  8 orc priests
  2 iguanas
  Ijyb (D:4)
  A sleepcap (D:7)
  15 orc wizards
  Robin (D:4)
  5 adders
  A shadow imp (D:6)
  A worm (D:5)
  3 dart slugs (D:4)
  41 orcs
  5 endoplasms
  4 giant cockroaches
  6 goblins
  8 hobgoblins
  4 jackals
  A quokka (D:2)
  5 ball pythons
  A bat (D:3)
  3 frilled lizards
  13 kobolds
  7 rats
189 creatures vanquished.

Notes
Turn   | Place    | Note
-------+----------+-------------------------------------------
     0 | D:1      | Iich the Troll Shapeshifter began the quest for the Orb.
     0 | D:1      | Reached XP level 1. HP: 18/18 MP: 0/0
   183 | D:1      | Reached skill level 1 in Fighting
   539 | D:1      | Reached XP level 2. HP: 27/27 MP: 1/1
   828 | D:2      | Found a faded altar of an unknown god.
   994 | D:2      | Reached XP level 3. HP: 33/33 MP: 2/2
  1618 | D:3      | Reached skill level 1 in Armour
  1694 | D:3      | Noticed Sigmund
  1700 | D:3      | Killed Sigmund
  1701 | D:3      | Reached XP level 4. HP: 38/42 MP: 3/3
  1701 | D:3      | Reached XP level 5. HP: 45/49 MP: 4/4
  1927 | D:3      | Found a shadowy altar of Dithmenos.
  2300 | D:4      | Found a shimmering blue altar of Sif Muna.
  2309 | D:4      | Reached XP level 6. HP: 41/57 MP: 5/5
  2350 | D:4      | Got Sif Muna's Directory of Adjuration
  2356 | D:4      | Found an ancient bone altar of Kikubaaqudgha.
  2367 | D:4      | Found a radiant altar of Vehumet.
  2677 | D:4      | Noticed Robin
  2678 | D:4      | Noticed Ijyb
  2683 | D:4      | Killed Ijyb
  2688 | D:4      | Killed Robin
  3098 | D:5      | Entered Level 5 of the Dungeon
  3342 | D:5      | Reached XP level 7. HP: 66/66 MP: 6/6
  3958 | D:6      | Found a staircase to the Ecumenical Temple.
  4001 | Temple   | Entered the Ecumenical Temple
  4018 | Temple   | Became a worshipper of Gozag Ym Sagoz the Greedy
  4194 | D:6      | Reached skill level 5 in Unarmed Combat
  4305 | D:6      | Reached XP level 8. HP: 62/75 MP: 7/7
  4468 | D:6      | Reached skill level 5 in Shapeshifting
  5391 | D:7      | Found a glowing golden altar of the Shining One.
  5396 | D:7      | Reached XP level 9. HP: 84/84 MP: 8/8
  5441 | D:7      | Found Cuisu's Assorted Antiques.
  5446 | D:7      | Bought a scroll of identify for 42 gold pieces
  5446 | D:7      | Bought a scroll labelled PEECUX GYDI for 21 gold pieces
  5446 | D:7      | Bought a scroll of identify for 42 gold pieces
  5446 | D:7      | Bought a scroll labelled SINWI SIMEGEFF for 21 gold pieces
  5446 | D:7      | Bought an emerald ring for 105 gold pieces
  5446 | D:7      | Bought a lead wand for 84 gold pieces
  5904 | D:8      | Found a staircase to the Lair.
  5904 | D:8      | Noticed an elephant
  6056 | D:8      | Reached skill level 5 in Dodging
  6135 | D:8      | Killed an elephant
  6549 | D:8      | Reached skill level 5 in Fighting
  6973 | D:8      | Reached skill level 5 in Armour
  7290 | D:9      | Noticed Psyche
  7299 | D:9      | Killed Psyche
  7300 | D:9      | Reached XP level 10. HP: 77/96 MP: 9/9
  7490 | D:9      | Found a glowing silver altar of Zin.
  7816 | D:10     | Entered Level 10 of the Dungeon
  7877 | D:10     | Noticed a four-headed hydra
  7877 | D:10     | Noticed a brown ugly thing
  7890 | D:10     | Noticed a rakshasa
  7896 | D:10     | Killed a seven-headed hydra
  7899 | D:10     | Killed a brown ugly thing
  7908 | D:10     | Killed from afar by a rakshasa (illusionary)

Illustrated notes

Levels and vault maps discovered:
D:1:      psy_arrival_whirlpool, layout_basic
D:2:      minmay_evil_eye, layout_basic, serial_forest,
          infiniplex_forest_clump_C, infiniplex_forest_clump_curved,
          infiniplex_forest_3_way, infiniplex_forest_straight_4,
          infiniplex_forest_join, infiniplex_forest_corner_2,
          infiniplex_forest_clump_small,
          hellmonk_ecumenical_altar_pennies_from_heaven,
          nicolae_elevator_lobby_asterisk
D:3:      layout_basic, lemuel_tele_altar, uniq_sigmund
D:4:      layout_loops_corners, palyth_temple_overflow_mages,
          corexii_item_surrounded_by_moat, nicolae_goblin_pals
D:5:      layout_basic
D:6:      layout_cave_pods, temple_fountains
D:7:      layout_basic, serial_shops, nicolae_shop_just_a_little_nook,
          kennysheep_diamond
D:8:      layout_loops_cross, david_lair_generic, kennysheep_cluttered_room
D:9:      layout_gridville, overflow_temple_1_default, uniq_psyche
D:10:     minmay_the_grid_octo_tiled_octocenter [minmay_the_grid_octo_horde,
          minmay_the_grid_octo_77, minmay_the_grid_octo_fan_narrow,
          minmay_the_grid_octo_pinwheel,
          minmay_the_grid_octo_prize_ultimate_mussel_roller,
          minmay_the_grid_square_5x5_detours,
          minmay_the_grid_square_5x5_eight_small,
          minmay_the_grid_square_5x5_sharp_hourglass,
          minmay_the_grid_square_5x5_v], layout_loops_cross, minitemple,
          mainiacjoe_overflow_paths, nicolae_doodle_vault
Temple:   nicolae_temple_ecumenical_triangle

Skill      XL: |  1  2  3  4  5  6  7  8  9 10 |
---------------+-------------------------------+-----
Fighting       | 1 2 3 4 5 6 |  6.0
Dodging        | 2 3 4 5 6 |  6.2
Armour         | 1 2 3 4 5 |  5.9
Unarmed Combat | 4 5 6 7 |  7.9
Shapeshifting  | 4 5 6 7 |  7.3

Action                     |  1- 3 |  4- 6 |  7- 9 | 10-12 || total
---------------------------+-------+-------+-------+-------++-------
  Melee: Unarmed           |    93 |    95 |   261 |    52 ||   501
         Punch             |       |     3 |     7 |     6 ||    16
 Invoke: Potion Petition   |       |       |       |     1 ||     1
  Evoke: Wand              |       |       |     5 |     4 ||     9
    Use: Scroll            |     2 |       |    15 |     1 ||    18
         Potion            |     1 |       |     2 |     1 ||     4
 Armour: Animal skin       |    52 |    82 |   214 |       ||   348
         Robe              |       |       |       |    49 ||    49
         Skin              |       |       |       |     1 ||     1
  Dodge: Dodged            |    27 |    32 |   115 |    32 ||   206

Table legend: (Time is in decaauts)
 A = Elapsed time spent in this place.
 B = Non-inter-level travel time spent in this place.
 C = Inter-level travel time spent in this place.
 D = Time resting spent in this place.
 E = Time spent auto-exploring this place.
 F = Levels seen in this place.
 G = Mean time per level.
                   A        B        C        D        E       F      G
               +--------+--------+--------+--------+--------+-----+--------+
         Total |   7855 |   7494 |    361 |    270 |   5950 |  11 |  714.1 |
       Dungeon |   7826 |   7465 |    361 |    270 |   5950 |  10 |  782.6 |
        Temple |     28 |     28 |      0 |      0 |      0 |   1 |   28.0 |
               +--------+--------+--------+--------+--------+-----+--------+

Top non-repeatable levels by time:
     D:8: 1099 daAuts
     D:4: 978 daAuts
     D:9: 967 daAuts
     D:7: 921 daAuts
     D:6: 839 daAuts
     D:5: 826 daAuts
     D:3: 742 daAuts
     D:1: 718 daAuts
     D:2: 646 daAuts
    D:10: 87 daAuts
  Temple: 28 daAuts
